 Dungeon Crawl Stone Soup version 0.22-a0-858-g985ef60 (webtiles) character file.

613 Supahsalami the Cudgeler (level 7, -16/44 HPs)
             Began as a Gargoyle Fighter on July 27, 2018.
             Was an Initiate of Okawaru.
             Killed from afar by Pikel (18 damage)
             ... with a wand of acid (6)
             ... on level 4 of the Dungeon.
             The game lasted 00:12:22 (3208 turns).

Supahsalami the Cudgeler (Gargoyle Fighter)         Turns: 3208, Time: 00:12:23

Health: -16/44     AC: 15    Str: 27    XL:     7   Next: 44%
Magic:  7/7        EV: 11    Int:  8    God:    Okawaru [......]
Gold:   97         SH: 11    Dex: 14    Spells: 6/6 levels left

rFire    . . .     SeeInvis .   a - +0 flail
rCold    . . .     Gourm    .   c - +0 shield
rNeg     + . .     Faith    .   p - +0 chain mail
rPois    ∞         Spirit   .   (no helmet)
rElec    +         Reflect  .   (no cloak)
rCorr    .         Harm     .   v - +0 pair of gloves
MR       .....                  (no boots)
Stlth    ..........             j - amulet of rage
HPRegen  0.14/turn              (no ring)
MPRegen  0.10/turn              (no ring)

@: mighty, agile, berserk cooldown, slowed, very slow
A: negative energy resistance 1, electricity resistance, unbreathing,
petrification resistance, rot immunity, AC +4
a: Renounce Religion, Evoke Berserk Rage


You were on level 4 of the Dungeon.
You worshipped Okawaru.
Okawaru was noncommittal.
You were very hungry.

You visited 2 branches of the dungeon, and saw 5 of its levels.
You also visited: Sewer.

You collected 97 gold pieces.

Inventory:

Hand Weapons
 a - a +0 flail (weapon)
Missiles
 e - 145 stones (quivered)
Armour
 c - a +0 shield (worn)
 p - a +0 chain mail (worn)
 v - a +0 pair of gloves (worn)
Jewellery
 i - an uncursed ring of ice
 j - an amulet of rage (around neck)
Wands
 z - a wand of scattershot (5)
 B - a wand of polymorph (13)
Scrolls
 k - a scroll of immolation {unknown}
 l - 2 scrolls of remove curse {unknown}
 m - a scroll of fog {unknown}
 o - a scroll of enchant weapon {unknown}
 q - 3 scrolls of teleportation {unknown}
 r - 2 scrolls of identify {unknown}
 t - a scroll of random uselessness {unknown}
 y - a scroll of enchant armour {unknown}
Potions
 b - 3 potions of curing {unknown}
 d - a potion of might
 g - 4 potions of heal wounds {unknown}
 h - 7 potions of flight {unknown}
 n - 3 potions of degeneration {unknown}
 s - a potion of lignification {unknown}
 u - a potion of brilliance {unknown}
 x - a potion of ambrosia {unknown}
 C - 2 potions of mutation {unknown}
Comestibles
 f - 5 rations
 A - a chunk of flesh


   Skills:
 + Level 5.0 Fighting
 * Level 5.2 Maces & Flails
 + Level 5.0 Armour
 + Level 5.0 Shields


You had 6 spell levels left.
You didn't know any spells.
Your spell library was empty.

Dungeon Overview and Level Annotations

Branches:
Dungeon (4/15)             Temple (1/1) D:4

Altars:
Cheibriados
Dithmenos
Elyvilon
Fedhas
Hepliaklqana
Makhleb
Nemelex Xobeh
Okawaru
Qazlal
Ru
Sif Muna
Uskayaw
Vehumet
Xom
Zin
The Shining One

Annotations:
D:4 Pikel


Innate Abilities, Weirdness & Mutations

You are resistant to torment.
Your stone body is resilient. (AC +4)
You are immune to poison.
You resist negative energy. (rN+)
You are resistant to electric shocks. (rElec)
You can survive without breathing.
You are immune to petrification.
You are immune to rotting.


Message History

You block the jackal's attack. The howler monkey barely misses you.
You block the jackal's attack. The gnoll hits you but does no damage.
Pikel hits you but does no damage. The howler monkey barely misses you.
Unknown command.
You closely miss the howler monkey.
The howler monkey is severely wounded.
The jackal bites you but does no damage.
Pikel hits you but does no damage. The gnoll hits you but does no damage.
The howler monkey hits you but does no damage.
You block the jackal's attack. Pikel hits you but does no damage.
The jackal bites you but does no damage.
The howler monkey hits you but does no damage.
The gnoll hits you from afar with a halberd.
* * * LOW HITPOINT WARNING * * *
You feel agile all of a sudden.
The orc wizard gestures wildly while chanting.
The orc wizard blinks!
The jackal misses you. The howler monkey barely misses you.
Pikel zaps a wand.
The bolt of acid hits you!
You die...

#.........###. #..#
#............. .....
###.8.#.....#...
.....######....(..........
............8.>.8.........
..........................
..$...#.plo.#.8.#......≈≈≈
.......p#hh§.#........≈≈≈≈
......pgK@##..........≈≈.≈
..<...#######.#.......≈≈≈[
..... #..........≈≈) ....
.............. ...
.....#...... .. .#..
##..... . #.#... ...#..[
### ##..


You could see Pikel, 3 slaves, a howler monkey, an orc wizard, a gnoll, a
leopard gecko and a jackal.

Vanquished Creatures
  A big kobold (Sewer)
  A scorpion (D:4)
  An orc priest (D:4)
  An orc wizard (D:4)
  A gnoll shaman (D:3)
  Jessica (D:2)
  Ijyb (D:3)
  Natasha (thrice) (D:3)
  A worker ant (D:4)
  3 gnolls (D:3)
  7 adders
  7 river rats
  An adder skeleton (D:4)
  5 worms
  A dart slug (D:1)
  3 leopard geckos
  5 orcs
  6 giant cockroaches
  5 hobgoblins
  11 jackals
  2 quokkas
  3 ball pythons
  5 bats
  3 frilled lizards
  9 goblins
  8 kobolds
  A leopard gecko skeleton (D:4)
  9 rats
105 creatures vanquished.

Notes
Turn   | Place    | Note
-------+----------+-------------------------------------------
     0 | D:1      | Supahsalami the Gargoyle Fighter began the quest for the Orb.
     0 | D:1      | Reached XP level 1. HP: 14/14 MP: 1/1
   290 | D:1      | Reached XP level 2. HP: 19/19 MP: 2/2
   541 | D:1      | Reached XP level 3. HP: 18/23 MP: 3/3
  1113 | D:2      | Noticed Jessica
  1116 | D:2      | Killed Jessica
  1116 | D:2      | Reached XP level 4. HP: 29/29 MP: 4/4
  1444 | D:2      | Reached XP level 5. HP: 33/33 MP: 5/5
  1668 | D:2      | Found a snail-covered altar of Cheibriados.
  1957 | D:3      | Noticed Natasha
  1987 | D:3      | Killed Natasha
  2271 | D:3      | Found a sparkling altar of Nemelex Xobeh.
  2271 | D:3      | Noticed Ijyb
  2296 | D:3      | Killed Ijyb
  2494 | D:3      | Reached XP level 6. HP: 39/39 MP: 6/6
  2547 | D:3      | Noticed Natasha
  2557 | D:3      | Killed Natasha
  2688 | D:3      | Noticed Natasha
  2704 | D:3      | Killed Natasha
  2748 | D:4      | Found a glowing drain.
  2796 | D:4      | Reached XP level 7. HP: 37/44 MP: 7/7
  2848 | Sewer    | Entered a sewer
  2930 | Sewer    | Reached skill level 5 in Maces & Flails
  2944 | Sewer    | Reached skill level 5 in Fighting
  3007 | Sewer    | Found a glowing silver altar of Zin.
  3115 | D:4      | Found a staircase to the Ecumenical Temple.
  3124 | Temple   | Entered the Ecumenical Temple
  3140 | Temple   | Became a worshipper of Warmaster Okawaru
  3193 | D:4      | Reached skill level 5 in Armour
  3193 | D:4      | Reached skill level 5 in Shields
  3201 | D:4      | Noticed Pikel
  3207 | D:4      | HP: 2/44 [gnoll/halberd (6)]
  3208 | D:4      | Killed from afar by Pikel

Vault maps used:
D:1:      dpeg_arrival_rooms_c
D:2:      lemuel_coloured_pillars_altar, first_ration, uniq_jessica
D:3:      grunt_decor_fettered, nemelex_altar_shiori, uniq_ijyb, uniq_natasha
D:4:      evilmike_ruin_ashenzari, minmay_temple_entry_statues_pillars,
          portal_sewer_entry_a, uniq_pikel
Temple:   minmay_freezing_vapour_temple
Sewer:    sewer_kobolds

Skill      XL: |  1  2  3  4  5  6  7 |
---------------+----------------------+-----
Maces & Flails | 3 4 5 |  5.2
Fighting       | 4 5 |  5.0
Armour         | 4 5 |  5.0
Shields        | 4 5 |  5.0

Action                   |  1- 3 |  4- 6 |  7- 9 || total
-------------------------+-------+-------+-------++-------
Melee: Flail             |   135 |   196 |   117 ||   448
       Unarmed           |       |     4 |       ||     4
Throw: Stone             |     9 |     5 |       ||    14
 Abil: Evoke Berserk Rag |       |     6 |     1 ||     7
  Use: Potion            |       |       |     2 ||     2
  Eat: Chunk             |     1 |    10 |     3 ||    14
Armor: Scale mail        |    86 |    24 |       ||   110
       Chain mail        |       |   116 |   129 ||   245
       Skin              |       |     1 |       ||     1
Dodge: Dodged            |    55 |    41 |    86 ||   182
Block: Shield            |    69 |   137 |   122 ||   328

Table legend:
 A = Spawn XP
 B = Non-spawn XP
 C = Spawn XP percentage of total XP
 D = Spawn monster count
 E = Non-spawn monster count
 F = Spawn count percentage of total count
 G = Total turns spent on level
                    A         B        C        D         E        F      G
               +---------+---------+-------+---------+---------+-------+---------
         Total |       0 |     877 |   0.0 |       0 |     105 |   0.0 |  3208
               +---------+---------+-------+---------+---------+-------+---------
           D:1 |       0 |      47 |   0.0 |       0 |      26 |   0.0 |   995
           D:2 |       0 |     123 |   0.0 |       0 |      26 |   0.0 |   781
           D:3 |       0 |     282 |   0.0 |       0 |      22 |   0.0 |   970
           D:4 |       0 |     283 |   0.0 |       0 |      22 |   0.0 |   237
         Sewer |       0 |     142 |   0.0 |       0 |       9 |   0.0 |   203
               +---------+---------+-------+---------+---------+-------+---------
